 Dungeon Crawl Stone Soup version 0.25-a0-1136-gc1285e62ab (webtiles) character file.

Game seed: 9274739488678099117, levelgen mode: deterministic

393 Delarado the Ruffian (level 6, -8/42 HPs)
             Began as an Octopode Fighter on May 23, 2020.
             Killed by nerve-wracking pain
             ... invoked by Grinder
              (14 damage)
             ... on level 3 of the Dungeon.
             The game lasted 00:06:09 (3067 turns).

Delarado the Ruffian (Octopode Fighter)             Turns: 3067, Time: 00:06:10

Health: -8/42      AC:  1    Str: 16    XL:     6   Next: 81%
Magic:  6/6        EV: 12    Int: 10    God:
Gold:   134        SH:  9    Dex: 13    Spells: 5/5 levels left

rFire    . . .     SeeInvis .     - Unarmed
rCold    . . .     Gourm    .   a - +0 kite shield
rNeg     . . .     Faith    .   (helmet restricted)
rPois    .         Spirit   .   (no amulet)
rElec    .         Reflect  .   (no ring)
rCorr    .         Harm     .   (no ring)
MR       .....                  (no ring)
Stlth    ++........             (no ring)
HPRegen  0.14/turn              (no ring)
MPRegen  0.10/turn              (no ring)
                                (no ring)
                                (no ring)

@: no status effects
A: almost no armour, stealthy swim, amphibious, 8 rings, constrict 8, camouflage
1, gelatinous body 1
a: no special abilities


You were on level 3 of the Dungeon.
You were not hungry.

You visited 1 branch of the dungeon, and saw 4 of its levels.

You collected 134 gold pieces.

Inventory:

Missiles
 g - 116 stones
 n - 23 poisoned darts (quivered)
Armour
 a - a +0 kite shield (worn)
Scrolls
 d - a scroll of fog {unknown}
 e - 3 scrolls of remove curse
 f - a scroll of enchant armour
 h - 2 scrolls of identify
 i - a scroll of teleportation
 k - a scroll of enchant weapon {unknown}
 o - a scroll of blinking {unknown}
Potions
 b - a potion of might
 j - a potion of mutation {unknown}
 l - a potion of invisibility {unknown}
 m - 2 potions of curing {unknown}
 p - 2 potions of heal wounds {unknown}
 q - a potion of haste {unknown}
 r - a potion of brilliance {unknown}
Comestibles
 c - 10 rations
 s - 4 chunks of flesh


   Skills:
 - Level 3.0 Fighting
 - Level 3.0 Dodging
 - Level 3.0 Shields
 + Level 7.1 Unarmed Combat


You had 5 spell levels left.
You didn't know any spells.
Your spell library contained the following spells:

 Spells                   Type           Power        Failure   Level  Hunger
 Corona                   Hex            #......      87%         1    ##.....
 Ensorcelled Hibernation  Hex/Ice        #.....       95%         2    ###....
 Confusing Touch          Hex            #.......     99%         3    ####...
 Dazzling Flash           Conj/Hex       #.....       99%         3    ####...
 Tukima's Dance           Hex            #.......     99%         3    ####...


Dungeon Overview and Level Annotations

Branches:
Dungeon (4/15)
 Temple: D:4-7

Altars:

Annotations:
D:3 Grinder


Innate Abilities, Weirdness & Mutations

You cannot wear most types of armour.
You are very stealthy in the water. (Stealth+)
You are amphibious.
You can wear up to eight rings at the same time.
You can use your tentacles to constrict eight enemies at once.
Your skin changes colour to match your surroundings (Stealth+).
Your rubbery body absorbs attacks. (AC +1, EV +1)


Message History

Grinder hits you!
You writhe in agony.
You tentacle-slap Grinder but do no damage.
Your grab misses Grinder.
Grinder is moderately wounded.
You block Grinder's attack.
You barely miss Grinder. You grab Grinder.
Grinder is moderately wounded.
You constrict Grinder.
Grinder zaps a wand.
The puff of flame hits you.
You barely miss Grinder.
Grinder is moderately wounded.
You constrict Grinder. Grinder hits you.
* * * LOW HITPOINT WARNING * * *
You writhe in agony.
* * * LOW HITPOINT WARNING * * *
You tentacle-slap Grinder but do no damage.
Grinder is moderately wounded.
You constrict Grinder. Grinder gestures at you. Pain shoots through your body!
You die...

#............PP...## ######
#..............♣..# ......
#....[.........P..# #
#.................# #
#...)............## ###
#................# ..###
##..............##
..<.########
##.....#......##
.(...........##.@####...####
###o########...5#######.#
..#.## ####......##.###
#....#########..#.........#
####.......)..............#
#..########.##..<).)..(#
##....###[).########.###
####..##.### #.)# ## ##.##.#
##)#


You could see Grinder.

Vanquished Creatures
  Sigmund (D:2)
  An orc priest (D:3)
  2 orc wizards (D:3)
  Terence (D:3)
  Robin (D:3)
  A gnoll (D:1)
  3 adders
  2 worms
  2 dart slugs
  2 orcs (D:3)
  7 bats
  3 giant cockroaches
  15 goblins
  9 hobgoblins
  6 jackals
  3 ball pythons
  4 frilled lizards
  7 kobolds
  9 rats
79 creatures vanquished.

Notes
Turn   | Place    | Note
-------+----------+-------------------------------------------
     0 | D:1      | Delarado the Octopode Fighter began the quest for the Orb.
     0 | D:1      | Reached XP level 1. HP: 16/16 MP: 1/1
   114 | D:1      | Reached XP level 2. HP: 21/21 MP: 2/2
   127 | D:1      | Reached skill level 3 in Unarmed Combat
   341 | D:1      | Reached XP level 3. HP: 24/26 MP: 3/3
  1278 | D:2      | Noticed Sigmund
  1285 | D:2      | Killed Sigmund
  1285 | D:2      | Reached skill level 5 in Unarmed Combat
  1285 | D:2      | Reached XP level 4. HP: 9/31 MP: 4/4
  1285 | D:2      | Reached XP level 5. HP: 11/36 MP: 5/5
  2077 | D:2      | Reached skill level 6 in Unarmed Combat
  2315 | D:3      | Reached XP level 6. HP: 42/42 MP: 6/6
  2352 | D:3      | Noticed Grinder
  2621 | D:3      | Noticed Terence
  2633 | D:3      | Killed Terence
  2955 | D:3      | Noticed Robin
  2974 | D:3      | Killed Robin
  2974 | D:3      | Reached skill level 7 in Unarmed Combat
  3067 | D:3      | Killed from afar by Grinder

Illustrated notes

Levels and vault maps discovered:
D:1:      wander_arrival_fairy_ring, layout_basic
D:2:      layout_basic, st_stairs_8, uniq_sigmund
D:3:      layout_rooms, serial_forest, infiniplex_forest_lined_ring,
          infiniplex_forest_clump_curved, infiniplex_forest_lined_3_way,
          infiniplex_forest_clump_long, infiniplex_forest_straight_2,
          infiniplex_forest_lined_room_3, uniq_robin, uniq_crazy_yiuf_cottage,
          uniq_grinder, uniq_terence
D:4:      layout_basic, minmay_temple_entry_wispy, serial_glass,
          glass_columns_a, glass_columns_a, first_ration, serial_shops, shop,
          nicolae_ru_great_annihilating_truth, uniq_duvessa

Skill      XL: |  1  2  3  4  5  6 |
---------------+-------------------+-----
Unarmed Combat | 3 5 6 7 |  7.1
Fighting       | |  3.0
Dodging        | |  3.0
Shields        | |  3.0

Action                   |  1- 3 |  4- 6 || total
-------------------------+-------+-------++-------
Melee: Unarmed           |    77 |    92 ||   169
       Constrict         |    24 |    17 ||    41
       Tentacles         |    17 |    21 ||    38
       Punch             |     2 |     3 ||     5
Throw: Dart              |       |    21 ||    21
  Use: Scroll            |       |     3 ||     3
 Stab: Sleeping          |     2 |     3 ||     5
       Distracted        |     1 |       ||     1
  Eat: Chunk             |     1 |     6 ||     7
Armor: Skin              |     2 |       ||     2
Dodge: Dodged            |    41 |    16 ||    57
Block: Kite shield       |    25 |    21 ||    46

Table legend:
 A = Non-vault XP
 B = Vault XP
 C = Vault XP percentage of total XP
 D = Non-vault monster count
 E = Vault monster count
 F = Vault count percentage of total count
                 A         B        C        D         E       F
            +---------+---------+-------+---------+---------+-------
      Total |     275 |     287 |  51.1 |      63 |      16 |  20.3
            +---------+---------+-------+---------+---------+-------
        D:1 |      60 |       0 |   0.0 |      29 |       0 |   0.0
        D:2 |      41 |     213 |  83.9 |      19 |       2 |   9.5
        D:3 |     174 |      74 |  29.8 |      15 |      14 |  48.3
            +---------+---------+-------+---------+---------+-------
